 Dungeon Crawl Stone Soup version 0.23.2-1-ga50397a (webtiles) character file.

Game seed: 9068006544055317209

55 goulibeur the Skirmisher (level 3, 0/33 HPs)
             Began as a Draconian Berserker on May 22, 2019.
             Was a Believer of Trog.
             Slain by a goblin
             ... wielding a +0 dagger
             ... led by Robin
              (6 damage)
             ... on level 3 of the Dungeon.
             The game lasted 00:03:58 (1329 turns).

goulibeur the Skirmisher (Draconian Berserker)      Turns: 1329, Time: 00:03:59

Health: 0/33       AC:  6    Str: 19    XL:     3   Next: 67%
Magic:  3/3        EV: 13    Int:  7    God:    Trog [**....]
Gold:   87         SH:  0    Dex: 11    Spells: 2/2 levels left

rFire    . . .     SeeInvis .   a - +0 mace
rCold    . . .     Gourm    .   (no shield)
rNeg     . . .     Faith    .   (armour unavailable)
rPois    .         Spirit   .   (helmet restricted)
rElec    .         Reflect  .   j - +0 cloak
rCorr    .         Harm     .   (no gloves)
MR       .....                  (no boots)
Stlth    +.........             (no amulet)
HPRegen  0.11/turn              (no ring)
MPRegen  0.08/turn              (no ring)

@: no status effects
A: unfitting armour, cold-blooded, AC +5
a: Berserk, Trog's Hand, Renounce Religion


You were on level 3 of the Dungeon.
You worshipped Trog.
Trog was pleased with you.
You were not hungry.

You visited 1 branch of the dungeon, and saw 3 of its levels.

You collected 87 gold pieces.

Inventory:

Hand Weapons
 a - a +0 mace (weapon)
Armour
 j - a +0 cloak (worn)
Scrolls
 c - 4 scrolls of teleportation {unknown}
 d - a scroll of enchant armour {unknown}
 g - a scroll of identify {unknown}
 l - a scroll of remove curse {unknown}
Potions
 e - a potion of heal wounds {unknown}
 f - a potion of cancellation {unknown}
 i - a potion of agility {unknown}
 k - a potion of haste {unknown}
Comestibles
 b - 4 rations
 h - 7 chunks of flesh


   Skills:
 + Level 3.8 Fighting
 + Level 3.5 Maces & Flails
 + Level 1.3 Throwing
 + Level 3.1 Dodging


You had 2 spell levels left.
You didn't know any spells.
Your spell library was empty.

Dungeon Overview and Level Annotations

Branches:
Dungeon (3/15)

Altars:

Annotations:
D:3 Robin


Innate Abilities, Weirdness & Mutations

Your plain brown scales are hard. (AC +5)
You cannot fit into any form of body armour.
You are cold-blooded and may be slowed by cold attacks.


Message History

a +0 dagger; a goblin corpse Robin throws the goblin at you!
The goblin throws a stone.
The stone barely misses you.
The stone closely misses the goblin.
A goblin comes into view.
The goblin closely misses you.
You hit the goblin.
The goblin is heavily wounded.
Robin throws the goblin at you! The goblin hits you but does no damage.
The goblin barely misses you.
You completely miss the goblin. You tail-slap the goblin.
You kill the goblin!
Trog accepts your kill. Robin throws the goblin at you! The goblin hits you.
The goblin closely misses you.
You hit the goblin.
The goblin is moderately wounded.
The goblin hits you. The goblin hits you with a +0 dagger.
* * * LOW HITPOINT WARNING * * *
The goblin closely misses you. The goblin hits you with a +0 dagger.
You die...

##...########.
#.....รทรท......
#.##.##..#####
#.##.##..#
#.##.......
##########.#####..##.
#....(((...# #..# ..
#.##.#g##.......... .
#.#@##.#########
..#g##.# ####g##.#
### #g#... K.# gg#...
#.# . g#g...
#.######.. ..
g...g##.#gK.<... ..
.....gggg..g.h.. ...
....g##g#.......


You could see Robin, 2 hobgoblins and 6 goblins.

Vanquished Creatures
  An adder (D:2)
  2 dart slugs
  A leopard gecko (D:3)
  2 ball pythons
  A giant cockroach (D:1)
  4 hobgoblins
  2 jackals
  5 kobolds
  A bat (D:1)
  3 frilled lizards
  11 goblins
  6 rats
39 creatures vanquished.

Notes
Turn   | Place    | Note
-------+----------+-------------------------------------------
     0 | D:1      | goulibeur the Draconian Berserker began the quest for the
                  | Orb.
     0 | D:1      | Reached XP level 1. HP: 19/19 MP: 1/1
   130 | D:1      | Reached XP level 2. HP: 21/26 MP: 2/2
   637 | D:2      | Reached skill level 1 in Throwing
   796 | D:2      | Reached XP level 3. HP: 32/33 MP: 3/3
   842 | D:2      | Reached ** piety under Trog
  1104 | D:3      | Noticed Robin
  1329 | D:3      | Slain by a goblin

Skill      XL: |  1  2 |
---------------+-------+-----
Throwing       | 1 |  1.3
Dodging        | 3 |  3.1
Fighting       | |  3.8
Maces & Flails | |  3.5

Action                   || total
-------------------------++-------
Melee: Mace              ||    94
       Tailslap          ||     8
  Eat: Chunk             ||     1
Armor: Skin              ||    24
Dodge: Dodged            ||    79
